TOP OF THE 1ST |
Paris Cubs batting - Pitching for Canton Indians : LHP Sterling Peyton
|
Pitching: LHP Sterling Peyton
|
|
Batting: RHB Willie Rubio
|
0-0: Called Strike 0-1: Swinging Strike 0-2: Strikes out swinging
|
Batting: LHB Zach Martin
|
0-0: Ball 1-0: Fly out, F7 (Flyball, 7S, EV 87.5 MPH)
|
Batting: LHB Jeremy Rideout
|
0-0: Ball 1-0: Ball 2-0: Ball 3-0: Called Strike 3-1: Foul Ball, location: 2F 3-2: Foul Ball, location: 2F 3-2: Strikes out swinging
|
Top of the 1st over - 0 runs, 0 hits, 0 errors, 0 left on base; Paris 0 - Canton 0 |
BOTTOM OF THE 1ST |
Canton Indians batting - Pitching for Paris Cubs : RHP Kichijo Robinson
|
Pitching: RHP Kichijo Robinson
|
|
Batting: RHB Cruz Castro
|
0-0: Ball 1-0: DOUBLE (Line Drive, 7LS, EV 93.1 MPH)
|
Batting: LHB Jason Kessler
|
0-0: Ball 1-0: Ball 2-0: Foul Ball, location: 2F 2-1: Ball 3-1: Fly out, F7 (Flyball, 7LD, EV 96.9 MPH)
|
Batting: RHB Rob Marti
|
0-0: Ball 1-0: Ball 2-0: Ball 3-0: Base on Balls
|
Batting: SHB Bob Ledlow
|
0-0: Ball Cruz Castro steals 3rd, throwing error, E2 Cruz Castro scores Rob Marti to third 1-0: Ball 2-0: Ball 3-0: Swinging Strike 3-1: Swinging Strike 3-2: Strikes out swinging
|
Batting: LHB Mike Humfleet
|
0-0: Called Strike 0-1: Ball 1-1: Ball 2-1: Called Strike 2-2: Strikes out swinging
|
Bottom of the 1st over - 1 run, 1 hit, 1 error, 1 left on base; Paris 0 - Canton 1 |
TOP OF THE 2ND |
Paris Cubs batting - Pitching for Canton Indians : LHP Sterling Peyton
|
Batting: LHB David Mendez
|
0-0: Ball 1-0: Called Strike 1-1: SINGLE (Flyball, 89S, EV 93.1 MPH)
|
Batting: RHB Jesus Resendez
|
0-0: Fly out, F7 (Flyball, 7, EV 93.8 MPH)
|
Batting: RHB Mike Snider
|
0-0: Foul Ball, location: 2F 0-1: Fielders Choice at 2nd, 5-4 (Groundball, 15, EV 85.6 MPH)
|
Batting: LHB Don Crockett
|
0-0: Swinging Strike 0-1: Swinging Strike 0-2: Ball 1-2: Strikes out looking
|
Top of the 2nd over - 0 runs, 1 hit, 0 errors, 1 left on base; Paris 0 - Canton 1 |
BOTTOM OF THE 2ND |
Canton Indians batting - Pitching for Paris Cubs : RHP Kichijo Robinson
|
Batting: SHB Ryan Donohoe
|
0-0: Ball 1-0: Swinging Strike 1-1: Ball 2-1: SINGLE (Groundball, 4MD, EV 102.5 MPH)
|
Batting: RHB Joe Bauer
|
0-0: Called Strike 0-1: Ball 1-1: Ball Wild Pitch! Ryan Donohoe to second 2-1: Fly out, F4 (Popup, 4S, EV 86.9 MPH)
|
Batting: RHB Ryan Paquette
|
0-0: 2-RUN HOME RUN (Flyball, 7LD, EV 95.0 MPH), Distance : 365 ft
|
Batting: SHB Jose Abreu
|
0-0: Ball 1-0: Called Strike 1-1: Foul Ball, location: 2F 1-2: Foul Ball, location: 2F 1-2: Foul Ball, location: 2F 1-2: Ball 2-2: Ball 3-2: Base on Balls
|
Batting: RHB Cruz Castro
|
0-0: Called Strike 0-1: Foul Ball, location: 2F 0-2: Ball 1-2: Ground out 6-3 (Groundball, 6S, EV 75.0 MPH) Jose Abreu to second
|
Batting: LHB Jason Kessler
|
0-0: Called Strike 0-1: Called Strike 0-2: Ball 1-2: Foul Ball, location: 2F 1-2: Strikes out swinging
|
Bottom of the 2nd over - 2 runs, 2 hits, 0 errors, 1 left on base; Paris 0 - Canton 3 |
TOP OF THE 3RD |
Paris Cubs batting - Pitching for Canton Indians : LHP Sterling Peyton
|
Batting: RHB Jason Banks
|
0-0: Swinging Strike 0-1: Called Strike 0-2: Strikes out swinging
|
Batting: RHB Michihisa Tanaka
|
0-0: Ball 1-0: Foul Ball, location: 2F 1-1: Ball 2-1: Called Strike 2-2: Strikes out swinging
|
Batting: RHB Willie Rubio
|
0-0: Ball 1-0: Fly out, F7 (Flyball, 7, EV 66.2 MPH)
|
Top of the 3rd over - 0 runs, 0 hits, 0 errors, 0 left on base; Paris 0 - Canton 3 |
BOTTOM OF THE 3RD |
Canton Indians batting - Pitching for Paris Cubs : RHP Kichijo Robinson
|
Batting: RHB Rob Marti
|
0-0: Ground out 4-3 (Groundball, 4, EV 83.1 MPH)
|
Batting: SHB Bob Ledlow
|
0-0: Called Strike 0-1: Ball 1-1: Foul Ball, location: 2F 1-2: Ground out 4-3 (Groundball, 34D, EV 100.0 MPH)
|
Batting: LHB Mike Humfleet
|
0-0: Swinging Strike 0-1: Foul Ball, location: 2F 0-2: Ball 1-2: Foul Ball, location: 2F 1-2: Foul Ball, location: 2F 1-2: Ball 2-2: SINGLE (Groundball, 34D, EV 102.5 MPH)
|
Batting: SHB Ryan Donohoe
|
0-0: SINGLE (Line Drive, 4D, EV 108.1 MPH) Mike Humfleet to second
|
Batting: RHB Joe Bauer
|
0-0: Foul Ball, location: 2F 0-1: Foul Ball, location: 2F 0-2: Strikes out swinging
|
Bottom of the 3rd over - 0 runs, 2 hits, 0 errors, 2 left on base; Paris 0 - Canton 3 |
TOP OF THE 4TH |
Paris Cubs batting - Pitching for Canton Indians : LHP Sterling Peyton
|
Batting: LHB Zach Martin
|
0-0: Fly out, F7 (Flyball, 78M, EV 90.0 MPH)
|
Batting: LHB Jeremy Rideout
|
0-0: Foul Ball, location: 2F 0-1: Ball 1-1: Foul Ball, location: 2F 1-2: Fly out, F6 (Line Drive, 6, EV 65.6 MPH)
|
Batting: LHB David Mendez
|
0-0: Foul Ball, location: 2F 0-1: Foul Ball, location: 2F 0-2: Ball 1-2: Foul Ball, location: 2F 1-2: Ball 2-2: Foul Ball, location: 2F 2-2: Strikes out swinging
|
Top of the 4th over - 0 runs, 0 hits, 0 errors, 0 left on base; Paris 0 - Canton 3 |
BOTTOM OF THE 4TH |
Canton Indians batting - Pitching for Paris Cubs : RHP Kichijo Robinson
|
Batting: RHB Ryan Paquette
|
0-0: Ground out 3-1 (Groundball, 34, EV 109.4 MPH)
|
Batting: SHB Jose Abreu
|
0-0: Called Strike 0-1: Ground out 4-3 (Groundball, 4, EV 90.6 MPH)
|
Batting: RHB Cruz Castro
|
0-0: Foul Ball, location: 2F 0-1: Foul Ball, location: 2F 0-2: Foul Ball, location: 2F 0-2: Foul Ball, location: 2F 0-2: Ball 1-2: Foul Ball, location: 2F 1-2: Ball 2-2: Reached on error, E6 (Groundball, 6S, EV 82.5 MPH)
|
Batting: LHB Jason Kessler
|
0-0: Called Strike 0-1: Foul Ball, location: 2F 0-2: Ball Wild Pitch! Cruz Castro to second 1-2: Foul Ball, location: 2F 1-2: Fly out, F8 (Flyball, 8LM, EV 88.8 MPH)
|
Bottom of the 4th over - 0 runs, 0 hits, 1 error, 1 left on base; Paris 0 - Canton 3 |
TOP OF THE 5TH |
Paris Cubs batting - Pitching for Canton Indians : LHP Sterling Peyton
|
Batting: RHB Jesus Resendez
|
0-0: Called Strike 0-1: Swinging Strike 0-2: Foul Ball, location: 2F 0-2: Strikes out looking
|
Batting: RHB Mike Snider
|
0-0: Ball 1-0: Called Strike 1-1: Ball 2-1: Swinging Strike 2-2: Foul Ball, location: 2F 2-2: Ball 3-2: Strikes out looking
|
Batting: LHB Don Crockett
|
0-0: Called Strike 0-1: Swinging Strike 0-2: Fly out, F7 (Flyball, 7LD, EV 103.1 MPH)
|
Top of the 5th over - 0 runs, 0 hits, 0 errors, 0 left on base; Paris 0 - Canton 3 |
BOTTOM OF THE 5TH |
Canton Indians batting - Pitching for Paris Cubs : RHP Kichijo Robinson
|
Pitching: LHP Dusty Blubaugh
|
|
Batting: RHB Rob Marti
|
0-0: Foul Ball, location: 2F 0-1: Ball 1-1: Ball 2-1: Ball 3-1: TRIPLE (Flyball, 9LD, EV 110.0 MPH)
|
Batting: SHB Bob Ledlow
|
0-0: Called Strike 0-1: Ball 1-1: Foul Ball, location: 2F 1-2: Strikes out swinging
|
Batting: LHB Mike Humfleet
|
0-0: Ball 1-0: Ball 2-0: Ball 3-0: Called Strike 3-1: Swinging Strike 3-2: Strikes out swinging
|
Batting: SHB Ryan Donohoe
|
0-0: Called Strike 0-1: Ball 1-1: Called Strike 1-2: Strikes out swinging
|
Bottom of the 5th over - 0 runs, 1 hit, 0 errors, 1 left on base; Paris 0 - Canton 3 |
TOP OF THE 6TH |
Paris Cubs batting - Pitching for Canton Indians : LHP Sterling Peyton
|
Batting: RHB Jason Banks
|
0-0: Ball 1-0: Ball 2-0: Called Strike 2-1: Fly out, F8 (Line Drive, 8RD, EV 103.1 MPH)
|
Batting: RHB Michihisa Tanaka
|
0-0: Called Strike 0-1: Foul Ball, location: 2F 0-2: Strikes out swinging
|
Batting: RHB Willie Rubio
|
0-0: Called Strike 0-1: Ball 1-1: Ball 2-1: Ball 3-1: Swinging Strike 3-2: Strikes out swinging
|
Top of the 6th over - 0 runs, 0 hits, 0 errors, 0 left on base; Paris 0 - Canton 3 |
BOTTOM OF THE 6TH |
Canton Indians batting - Pitching for Paris Cubs : LHP Dusty Blubaugh
|
Batting: RHB Joe Bauer
|
0-0: Ball 1-0: Called Strike 1-1: Called Strike 1-2: Strikes out swinging
|
Batting: RHB Ryan Paquette
|
0-0: Called Strike 0-1: Ball 1-1: Called Strike 1-2: Foul Ball, location: 2F 1-2: Ball 2-2: Foul Ball, location: 2F 2-2: Foul Ball, location: 2F 2-2: Strikes out swinging
|
Pitching: LHP Mike Anderson
|
|
Batting: SHB Jose Abreu
|
0-0: Ball 1-0: Fly out, F7 (Flyball, 7LD, EV 105.6 MPH)
|
Bottom of the 6th over - 0 runs, 0 hits, 0 errors, 0 left on base; Paris 0 - Canton 3 |
TOP OF THE 7TH |
Paris Cubs batting - Pitching for Canton Indians : LHP Sterling Peyton
|
Now in LF: Aubrey Regimbald
|
|
Now in RF: Tom Auld
|
|
Batting: LHB Zach Martin
|
0-0: Ball 1-0: Ball 2-0: Called Strike 2-1: Swinging Strike 2-2: Strikes out swinging
|
Batting: LHB Jeremy Rideout
|
0-0: DOUBLE (Line Drive, 7LD, EV 113.1 MPH)
|
Batting: LHB David Mendez
|
0-0: Fly out, F9 (Flyball, 9, EV 88.1 MPH)
|
Batting: RHB Jesus Resendez
|
0-0: SINGLE (Groundball, 25, EV 65.6 MPH) (infield hit) Jeremy Rideout to third
|
Batting: RHB Mike Snider
|
0-0: Swinging Strike 0-1: SINGLE (Line Drive, 7S, EV 108.8 MPH) Jeremy Rideout scores Jesus Resendez to second
|
Pinch Hitting: RHB Juan Tarin
|
0-0: Foul Ball, location: 2F 0-1: Swinging Strike 0-2: Strikes out swinging
|
Top of the 7th over - 1 run, 3 hits, 0 errors, 2 left on base; Paris 1 - Canton 3 |
BOTTOM OF THE 7TH |
Canton Indians batting - Pitching for Paris Cubs : LHP Mike Anderson
|
Now in LF: Bobby Marlatt
|
|
Batting: RHB Cruz Castro
|
0-0: Swinging Strike 0-1: Called Strike 0-2: Ball 1-2: Ball 2-2: Strikes out looking
|
Batting: LHB Jason Kessler
|
0-0: Called Strike 0-1: Called Strike 0-2: Ball 1-2: Strikes out swinging
|
Batting: RHB Rob Marti
|
0-0: Swinging Strike 0-1: Ball 1-1: Foul Ball, location: 2F 1-2: Ball 2-2: Strikes out swinging
|
Bottom of the 7th over - 0 runs, 0 hits, 0 errors, 0 left on base; Paris 1 - Canton 3 |
TOP OF THE 8TH |
Paris Cubs batting - Pitching for Canton Indians : LHP Sterling Peyton
|
Batting: RHB Jason Banks
|
0-0: Called Strike 0-1: Ball 1-1: Fly out, F8 (Flyball, 8RD, EV 86.2 MPH)
|
Batting: RHB Michihisa Tanaka
|
0-0: Foul Ball, location: 2F 0-1: Swinging Strike 0-2: Foul Ball, location: 2F 0-2: Foul Ball, location: 2F 0-2: Ball 1-2: Strikes out looking
|
Batting: RHB Willie Rubio
|
0-0: Ground out U3 (Groundball, 23, EV 85.6 MPH)
|
Top of the 8th over - 0 runs, 0 hits, 0 errors, 0 left on base; Paris 1 - Canton 3 |
BOTTOM OF THE 8TH |
Canton Indians batting - Pitching for Paris Cubs : LHP Mike Anderson
|
Batting: SHB Bob Ledlow
|
0-0: Foul Ball, location: 2F 0-1: Called Strike 0-2: Ball 1-2: Strikes out looking
|
Batting: RHB Aubrey Regimbald
|
0-0: Ball 1-0: SINGLE (Line Drive, 8RS, EV 108.8 MPH)
|
Pitching: RHP Justin Rodrigues
|
|
Batting: SHB Tom Auld
|
0-0: Ball 1-0: Ball 2-0: Foul Ball, location: 2F 2-1: Foul Ball, location: 2F 2-2: Ball 3-2: Base on Balls Aubrey Regimbald to second
|
Batting: RHB Joe Bauer
|
0-0: Called Strike 0-1: Swinging Strike 0-2: Ball 1-2: Strikes out swinging
|
Batting: RHB Ryan Paquette
|
0-0: Foul Ball, location: 2F 0-1: Called Strike 0-2: Ball 1-2: Strikes out swinging
|
Bottom of the 8th over - 0 runs, 1 hit, 0 errors, 2 left on base; Paris 1 - Canton 3 |
TOP OF THE 9TH |
Paris Cubs batting - Pitching for Canton Indians : LHP Sterling Peyton
|
Pitching: RHP Ryan Perkins
|
|
Batting: LHB Zach Martin
|
0-0: Ball 1-0: Swinging Strike 1-1: Foul Ball, location: 2F 1-2: Strikes out swinging
|
Batting: LHB Jeremy Rideout
|
0-0: Swinging Strike 0-1: Ball 1-1: Swinging Strike 1-2: Foul Ball, location: 2F 1-2: Ball 2-2: Strikes out swinging
|
Batting: LHB David Mendez
|
0-0: Called Strike 0-1: Ball 1-1: Foul Ball, location: 2F 1-2: Ball 2-2: Single, Error in OF, E9, batter to second base (Groundball, 34D, EV 100.0 MPH)
|
Pinch Hitting: SHB Shiroku Waki
|
0-0: Ball 1-0: Ball 2-0: Ball 3-0: Called Strike 3-1: Base on Balls
|
Batting: RHB Mike Snider
|
0-0: Foul Ball, location: 2F 0-1: Ground out 4-3 (Groundball, 4, EV 88.1 MPH)
|
Top of the 9th over - 0 runs, 1 hit, 1 error, 2 left on base; Paris 1 - Canton 3 |
|